 Dungeon Crawl Stone Soup version 0.19-a0-1065-gdac414d (webtiles) character file.

207298 Huckle the Alchemist (level 18, -2/117 HPs)
             Began as a Felid Transmuter on July 30, 2016.
             Was a High Priest of Ru.
             Shot with an arrow by Vashnia (5 damage)
             ... on level 4 of the Snake Pit on Aug 3, 2016.
             The game lasted 07:49:14 (51964 turns).

Huckle the Alchemist (Felid Transmuter)            Turns: 51964, Time: 07:49:15

Health: -2/117     AC: 25    Str: 16    XL:     18   Next: 9%
Magic:  30/39      EV: 32    Int: 17    God:    Ru [*****.]
Gold:   1282       SH:  0    Dex: 19    Spells: 8 memorised, 4 levels left
                                        Lives:  0   Deaths: 5

rFire  + . .     SeeInvis +       - Unarmed
rCold  . . .     Gourm    .     (armour unavailable)
rNeg   + + .     Faith    .     (shield unavailable)
rPois  ∞         Spirit   .     (helmet unavailable)
rElec  +         Dismiss  .     (cloak unavailable)
rCorr  .         Reflect  .     (gloves unavailable)
SustAt .         Harm     .     (boots unavailable)
MR     +++..                    M - amulet of regeneration
Stlth  ++++++....               R - ring of Requm {Wiz rPois rN+}
                                x - ring of Orunkuwi {rF+ Str+2 Dex+3 Slay+2}

@: mighty, statue-form, drained, very slow
A: no armour, no weapons or thrown items, claws 1, fangs 3, horns 1, rough black
scales 1, see invisible, carnivore 3, (speed 0), high mp 1, magic resistance 1,
(shaggy fur 0), slow metabolism 1, weak 1, inability to use devices, hated by
all, disrupted magic 1, sharp paws, missing an eye
a: End Transformation, Draw Out Power, Power Leap, Apocalypse, Renounce Religion
}: 1/15 runes: decaying


You were on level 4 of the Snake Pit.
You worshipped Ru.
Ru was extremely pleased with you.
You were not hungry.
You were a stone statue.
You visited 8 branches of the dungeon, and saw 36 of its levels.
You also visited: Bailey and Ice Cave.

You collected 3416 gold pieces.
You spent 2134 gold pieces at shops.

Inventory:

Jewellery
 d - an uncursed amulet of dismissal
 g - a cursed ring of sustain attributes
 i - an uncursed amulet of the gourmand {unknown}
 k - a +5 ring of protection
 w - an uncursed ring of positive energy
 x - the ring of Orunkuwi (left paw) {rF+ Str+2 Dex+3 Slay+2}
   (You bought it in a shop on level 12 of the Dungeon)

   [ring of protection from fire]

   It affects your strength (+2).
   It affects your dexterity (+3).
   It affects your accuracy and damage with ranged weapons and melee attacks
   (+2).
   It protects you from fire.
 D - an uncursed amulet of rage {unknown}
 M - an amulet of regeneration (around neck)
 R - the ring of Requm (right paw) {Wiz rPois rN+}
   (You took it off a deep elf annihilator on level 3 of the Elven Halls)

   [ring of wizardry]

   It improves your spell success rate.
   It protects you from poison.
   It protects you from negative energy.
 S - an uncursed amulet of dismissal
Scrolls
 b - 3 scrolls of magic mapping
 f - a scroll of amnesia
 j - 19 scrolls of remove curse
 m - a scroll of fog
 q - 12 scrolls of teleportation
 v - a scroll of fear
 y - a scroll of holy word
 C - 4 scrolls of noise
 J - 3 scrolls of torment
 Y - 2 scrolls of summoning {unknown}
Potions
 a - a potion of haste
 h - 4 potions of agility
 n - 3 potions of curing
 o - 6 potions of might
 s - a potion of magic
 u - a potion of resistance
 z - 3 potions of cure mutation
 B - 3 potions of berserk rage
 E - 2 potions of brilliance
 F - 2 potions of ambrosia
 G - 3 potions of flight
 L - 2 potions of heal wounds
 P - a potion of invisibility
Books
 H - a Necronomicon

   Spells                             Type                      Level
   a - Haunt                          Necromancy/Summoning         7
   b - Borgnjor's Revivification      Necromancy                   8
   c - Death's Door                   Charms/Necromancy            8
   d - Infestation                    Necromancy                   8
   e - Necromutation                  Transmutation/Necromancy     8
 X - Roxanne's Almanac of the Rocks
   (You took it off Roxanne on level 3 of the Snake Pit)

   Spells                             Type                      Level
   a - Sandblast                      Earth                        1
   b - Passwall                       Transmutation/Earth          2
   c - Stone Arrow                    Conjuration/Earth            3
   d - Lee's Rapid Deconstruction     Earth                        5
   e - Statue Form                    Transmutation/Earth          6
Comestibles
 c - 16 meat rations
 l - 12 slices of pizza
 t - a beef jerky


   Skills:
 - Level 15.7(15.6) Fighting
 - Level 14.6 Dodging
 - Level 16.0(15.9) Stealth
 - Level 16.1(16.0) Unarmed Combat
 + Level 12.8(12.7) Spellcasting
 - Level 13.9(13.8) Hexes
   Level 4.8(4.7) Necromancy
 - Level 4.0(3.9) Translocations
 + Level 16.6(16.5) Transmutations
 + Level 3.6 Earth Magic


You had 4 spell levels left.
You knew the following spells:

 Your Spells              Type           Power        Failure   Level  Hunger
a - Ice Form              Ice/Tmut       #####...     1%          4    ##.....
b - Dragon Form           Tmut           ######....   4%          7    #######
c - Blade Hands           Tmut           ######....   1%          5    ####...
d - Repel Missiles        Chrm/Air       ##....       7%          2    None
e - Blink                 Tloc           N/A          1%          2    None
f - Darkness              Hex            ######....   2%          6    ######.
g - Invisibility          Hex            ######..     2%          6    ######.
h - Statue Form           Tmut/Erth      #####....    10%         6    ######.


Dungeon Overview and Level Annotations

Branches:
Dungeon (15/15)            Temple (1/1) D:6            Lair (6/6) D:11
  Swamp (4/4) Lair:3        Snake (4/4) Lair:3        Slime (0/5) Lair:5
    Orc (2/2) D:11            Elf (3/3) Orc:2        Vaults (0/5) D:13
 Depths (1/5) D:15

Altars:
Ashenzari
Cheibriados
Dithmenos
Elyvilon
Fedhas
Gozag
Hepliaklqana
Kikubaaqudgha
Makhleb
Nemelex Xobeh
Okawaru
Pakellas
Qazlal
Ru
Sif Muna
Trog
Uskayaw
Vehumet
Xom
Yredelemnul
Zin
The Shining One
Beogh
Jiyva
Lugonu

Shops:
D:5 %   D:7 !   D:9 *   D:12 =   Orc:1 *   Orc:2 !}*[   Elf:2 }   Snake:3 }

Annotations:
Snake:4 Vashnia


Innate Abilities, Weirdness & Mutations

You cannot wear armour.
You are incapable of wielding weapons or throwing items.
You have sharp claws.
You have razor-sharp teeth.
You have supernaturally acute eyesight. (SInv)
You are carnivorous and can eat meat at any time.
((You cover ground quickly.))
((Your thick and shaggy fur keeps you warm. (AC +3, rC+)))
You have a slow metabolism.
You are weak. (Str -2)
You cannot study or use magical devices.
You are hated by all.
Your casting is slightly disrupted.
Your sharp claws are effective at attacking unaware monsters.
You are missing an eye, making it more difficult to aim.
You have a pair of small horns on your head.
(You are partially covered in rough black scales. (AC +2, Dex -1))
You have an increased reservoir of magic. (+10% MP)
You are resistant to hostile enchantments. (MR+)


Message History

The greater naga casts a spell.
The greater naga seems to speed up.
You redirect Vashnia's attack!
Vashnia unwields an uncursed short sword of speed.
Vashnia wields an uncursed runed longbow.
Vashnia casts a spell.
Vashnia magically shoots an arrow.
The arrow hits you!
* * * LOW HITPOINT WARNING * * *
A black mamba comes into view.
The greater naga shouts!
The naga sharpshooter unwields an uncursed trident.
The naga sharpshooter wields an uncursed shortbow.
The naga sharpshooter gestures wildly while chanting.
The naga sharpshooter magically shoots an arrow.
The arrow is repelled.
You feel less protected from missiles.
The greater naga begins to cast a spell, but is stunned by your will!
Vashnia shoots an arrow.
The arrow hits you!!
* * * LOW HITPOINT WARNING * * *
You die...

###.........###
..####.SN####..
......#.#......
.......NS......
..........N....
###..N.N....###
####.NN####
#######N####### .
##+...)(8§.......
..
###....)######.....
.. #....))#+....#
##..
#.#..♣.♣).....#.
#.÷....[........
#..♣..[(.♣.###+#
#....[<[....#
+.#.......#.... #
##.(...##....


You could see Vashnia, 3 greater nagas, 2 naga sharpshooters, a guardian serpent
(wandering), a black mamba (wandering) and a naga.

Vanquished Creatures
  the Lernaean hydra (Swamp:4)
  Nikola (Snake:1)
  A deep elf master archer (Elf:3)
  3 deep elf blademasters (Elf:3)
  2 thorn hunters
  Kirke (D:13)
  9 greater nagas
  Roxanne (Snake:3)
  9 deep elf sorcerers (Elf:3)
  Louise (Snake:1)
  4 deep elf elementalists (Elf:3)
  An orc warlord (D:11)
  The ghost of braks the Fighter, a journeyman HOMo of Beogh (D:13)
  A stone giant (D:11)
  6 deep elf demonologists
  6 deep elf annihilators
  Azrael (D:13)
  5 deep elf death magi (Elf:3)
  Snorg (D:13)
  Harold (Lair:4)
  Josephine (D:15)
  A great orb of eyes (D:15)
  3 vault guards (D:13)
  7 deep elf high priests (Elf:3)
  7 naga warriors
  19 hydras
  The ghost of lorenzova the Unseen, a journeyman SpEn of Dithmenos (Lair:6)
  A ghost crab (Swamp:2)
  2 centaur warriors
  7 anacondas
  An ogre mage (D:15)
  A hell hog (shapeshifter) (D:13)
  37 dancing weapons
  13 death yaks
  6 alligators
  A tengu warrior (D:14)
  Urug (Lair:4)
  4 naga sharpshooters
  8 spriggans (Swamp:3)
  A small abomination (Elf:3)
  2 orc high priests (Orc:1)
  Sonja (D:14)
  8 shock serpents
  18 deep elf knights
  Nergalle (Orc:1)
  3 sea snakes (Snake:1)
  A salamander mystic (Snake:2)
  11 swamp dragons
  4 unseen horrors
  A spriggan druid (Swamp:3)
  5 naga ritualists
  18 deep elf archers
  2 wizards (D:13)
  A shambling mangrove (Swamp:3)
  6 hill giants
  An anubis guard (shapeshifter) (D:15)
  2 necromancers (D:13)
  An orc knight (Orc:2)
  Pikel (D:8)
  6 mana vipers
  3 orc sorcerers
  5 griffons
  69 deep elf magi
  12 salamanders
  2 manticores (D:15)
  3 cyclopes
  10 ugly things
  5 elephants (Lair:6)
  9 guardian serpents
  9 naga magi
  23 black mambas
  Psyche (D:8)
  A torpor snail (Lair:6)
  2 gargoyles
  31 spiny frogs
  5 rime drakes
  7 komodo dragons
  2 freezing wraiths
  2 kobold demonologists
  2 trolls
  A two-headed ogre (D:15)
  A polar bear (Lair:2)
  9 giant leeches
  7 blink frogs
  6 bog bodies
  17 slime creatures
  A blink frog (shapeshifter) (D:15)
  6 air elementals
  5 water elementals
  Sigmund (D:4)
  A vampire (D:14)
  9 wraiths
  51 yaks
  A shadow (Swamp:2)
  3 hogs
  10 hippogriffs
  20 humans
  A basilisk (D:15)
  6 fire elementals
  Grum (D:8)
  34 vampire mosquitoes
  7 wargs
  3 hungry ghosts
  34 nagas
  19 swamp worms
  A soldier ant (D:13)
  5 insubstantial wisps (Swamp:3)
  2 hell hounds
  10 water moccasins
  10 porcupines
  10 ice beasts
  5 sky beasts
  15 swamp drakes
  45 orc warriors
  A black bear (Lair:1)
  A slave (D:8)
  12 wasps
  An eye of draining (shapeshifter) (D:15)
  2 necrophages
  14 ogres
  33 centaurs
  11 wolves
  9 crocodiles
  7 big kobolds
  5 earth elementals
  25 giant frogs
  6 scorpions
  13 killer bees
  5 wights (D:14)
  4 electric eels
  3 howler monkeys (D:9)
  2 crimson imps
  A giant frog zombie (D:12)
  4 centaur zombies
  A wyvern simulacrum (D:14)
  3 centaur skeletons
  20 orc priests
  3 hounds
  6 jellies
  18 orc wizards
  6 iguanas
  10 worker ants
  10 sheep
  A hound skeleton (D:6)
  22 adders
  14 gnolls
  11 river rats
  2 shadow imps
  2 adder skeletons
  3 worms
  2 dart slugs (D:2)
  5 giant geckos
  79 orcs
  3 ball pythons
  5 giant cockroaches
  15 goblins
  10 hobgoblins
  10 jackals
  49 kobolds
  2 quokkas
  8 bats
  2 giant gecko skeletons
  4 giant newts
  8 rats
  A spectral orc (D:4)
  A briar patch (Swamp:3)
  2 crawling corpses (Elf:3)
  A fungus (Lair:6)
1329 creatures vanquished.

Vanquished Creatures (others)
  A deep elf master archer (Elf:3)
  2 deep elf sorcerers (Elf:3)
  2 deep elf elementalists (Elf:3)
  2 deep elf magi
  A manticore (D:14)
  3 black mambas
  A human (D:13)
  An orc warrior (Orc:2)
  3 slaves (D:8)
  A wasp (Swamp:3)
  3 centaurs
  An orc wizard (Orc:2)
  A worker ant (D:8)
  3 orcs
  A quokka (D:8)
  3 kobolds
  A crawling corpse (Elf:3)
  22 fungi
  73 plants
125 creatures vanquished.

Grand Total: 1454 creatures vanquished

Notes
Turn   | Place    | Note
-------+----------+-------------------------------------------
     0 | D:1      | Huckle the Felid Transmuter began the quest for the Orb.
     0 | D:1      | Reached XP level 1. HP: 9/9 MP: 4/4
   210 | D:1      | Reached XP level 2. HP: 8/12 MP: 4/6
  1240 | D:1      | Reached XP level 3. HP: 14/15 MP: 5/7
  1272 | D:1      | Learned a level 3 spell: Spider Form
  2131 | D:2      | Reached XP level 4. HP: 14/19 MP: 3/8
  2362 | D:2      | Reached skill level 1 in Stealth
  3544 | D:3      | Reached XP level 5. HP: 22/22 MP: 6/9
  3555 | D:3      | Learned a level 5 spell: Blade Hands
  3625 | D:3      | Gained mutation: You have a pair of small horns on your head. [potion of beneficial mutation]
  3783 | D:3      | Found a hazy altar of Hepliaklqana.
  3860 | D:3      | Upgraded the game from 0.19-a0-1041-g82b1012 to 0.19-a0-1049-g462a813
  4403 | D:4      | Gained mutation: You are covered in thick fur. (AC +2) [Felid growth]
  4403 | D:4      | Reached XP level 6. HP: 26/27 MP: 7/10
  4550 | D:4      | Found a glowing golden altar of the Shining One.
  4903 | D:4      | Upgraded the game from 0.19-a0-1049-g462a813 to 0.19-a0-1051-gdb7e7f8
  5257 | D:4      | Noticed Sigmund
  5275 | D:4      | Killed Sigmund
  5275 | D:4      | Reached skill level 5 in Transmutations
  5275 | D:4      | Reached XP level 7. HP: 21/31 MP: 5/11
  5325 | D:4      | Found a basalt altar of Yredelemnul.
  5369 | D:5      | Entered Level 5 of the Dungeon
  5384 | D:5      | Reached skill level 5 in Unarmed Combat
  5491 | D:4      | HP: 1/46 [orc/hand axe (3)]
  5497 | D:4      | HP: 1/46 [orc priest/trident (1)]
  6343 | D:5      | Reached XP level 8. HP: 36/36 MP: 7/12
  6359 | D:5      | Gained mutation: You have an increased reservoir of magic. (+10% MP) [mutagenic meat]
  6600 | D:5      | Reached skill level 5 in Dodging
  7032 | D:5      | Found Celemod's Food Shop.
  7219 | D:6      | Found a stormy altar of Qazlal.
  7348 | D:6      | Found a glowing silver altar of Zin.
  7411 | D:6      | Reached skill level 5 in Fighting
  7694 | D:6      | Reached skill level 5 in Stealth
  8265 | D:6      | Reached XP level 9. HP: 40/40 MP: 15/15
  8291 | D:6      | Found a staircase to the Ecumenical Temple.
  8301 | Temple   | Entered the Ecumenical Temple
  8600 | D:6      | Found a burning altar of Makhleb.
  8703 | D:7      | Found Pyruh Xasov's Distillery.
  8706 | D:7      | Found an ancient bone altar of Kikubaaqudgha.
  9407 | D:8      | Found a radiant altar of Vehumet.
  9459 | D:8      | Noticed Psyche
  9484 | D:8      | Killed Psyche
  9511 | D:8      | HP: 2/42 [poisoned by Psyche]
  9517 | D:8      | HP: 2/42 [poisoned by Psyche]
  9525 | D:8      | HP: 1/42 [poisoned by Psyche]
  9530 | D:8      | HP: 1/42 [poisoned by Psyche]
  9535 | D:8      | Succumbed to Psyche's poison
  9536 | D:8      | Reached XP level 8. HP: 0/39 MP: 14/14
  9592 | D:8      | Noticed Pikel
  9602 | D:8      | Paralysed by Pikel for 6 turns
  9608 | D:8      | Slain by Pikel
  9609 | D:8      | Reached XP level 7. HP: -2/35 MP: 13/13
  9616 | D:8      | Killed Pikel
  9616 | D:8      | Reached XP level 8. HP: 39/39 MP: 14/14
  9784 | D:8      | Noticed a kobold demonologist
  9784 | D:8      | Noticed a kobold demonologist
  9802 | D:8      | Killed a kobold demonologist
  9805 | D:8      | Noticed a sixfirhy
  9809 | D:8      | Noticed an orange demon
 10299 | D:8      | Noticed Grum
 10392 | D:8      | Reached XP level 9. HP: 43/43 MP: 9/15
 10415 | D:8      | Killed Grum
 10439 | D:8      | Found a white marble altar of Elyvilon.
 11035 | D:9      | Found an iron altar of Okawaru.
 11040 | D:9      | Found a sacrificial altar of Ru.
 11041 | D:9      | Found an oddly glowing altar of Pakellas.
 11049 | D:9      | Became a worshipper of Ru the Awakened
 11153 | D:9      | Found Tusk's General Store.
 11285 | D:9      | Found a bloodstained altar of Trog.
 11292 | D:9      | Found a snail-covered altar of Cheibriados.
 11887 | D:10     | Entered Level 10 of the Dungeon
 11990 | D:10     | Noticed a hill giant
 12309 | D:10     | Killed a hill giant
 12309 | D:10     | Reached XP level 10. HP: 48/48 MP: 16/16
 12391 | D:10     | Noticed a hill giant
 12393 | D:10     | Killed a hill giant
 12829 | D:10     | Gained mutation: You cannot study or use magical devices. [Ru sacrifice]
 12829 | D:10     | Reached * piety under Ru
 12829 | D:10     | Reached ** piety under Ru
 12829 | D:10     | Reached *** piety under Ru
 12991 | D:10     | Noticed a gargoyle
 13015 | D:10     | Killed a gargoyle
 13458 | D:11     | Found a staircase to the Lair.
 13494 | D:11     | Reached skill level 10 in Transmutations
 13514 | D:11     | Reached XP level 11. HP: 19/53 MP: 17/17
 13732 | Lair:1   | Entered Level 1 of the Lair of Beasts
 13938 | Lair:1   | Found a frozen archway.
 13941 | Lair:1   | You fall through a shaft!
 13951 | Lair:2   | HP: 2/53 [komodo dragon (32)]
 13969 | Lair:2   | Found a snail-covered altar of Cheibriados.
 13985 | Lair:2   | Noticed a griffon
 14170 | IceCv    | Entered an ice cave
 14611 | Lair:1   | Noticed a six-headed hydra
 14789 | D:11     | Found a staircase to the Orcish Mines.
 14798 | Orc:1    | Entered Level 1 of the Orcish Mines
 14799 | Orc:1    | Noticed Nergalle
 14825 | D:11     | Noticed a white ugly thing
 14859 | D:11     | Noticed a griffon
 15861 | D:11     | Killed a griffon
 15976 | D:12     | Found an iron altar of Okawaru.
 16059 | D:12     | Noticed a red ugly thing
 16061 | D:12     | Killed a red ugly thing
 16101 | D:12     | Reached skill level 10 in Unarmed Combat
 16226 | D:12     | Found Zeezic's Jewellery Emporium.
 16599 | D:12     | Noticed a deep elf mage
 16645 | D:12     | Killed a deep elf mage
 16685 | D:12     | Noticed an unseen horror
 16701 | D:12     | Killed an unseen horror
 16701 | D:12     | Reached skill level 10 in Fighting
 17185 | D:13     | Reached skill level 10 in Stealth
 17194 | D:13     | Noticed a red ugly thing
 17249 | D:13     | Noticed Kirke
 17250 | D:13     | Noticed braks's ghost (journeyman HOMo)
 17286 | D:13     | Found a flagged portal.
 17303 | Bailey   | Entered a bailey
 17314 | Bailey   | Learned a level 4 spell: Ice Form
 17317 | Bailey   | Noticed an orc warlord
 17483 | Bailey   | Found a runed gate.
 17485 | Bailey   | Found a runed gate.
 17487 | Bailey   | Found a runed gate.
 17893 | Bailey   | Gained mutation: You are resistant to hostile enchantments. (MR+) [potion of beneficial mutation]
 17948 | D:13     | Gained mutation: You are partially covered in rough black scales. (AC +2, Dex -1) [potion of beneficial mutation]
 18111 | D:12     | Bought the ring of Orunkuwi {rF+ Str+2 Dex+3 Slay+2} for 712 gold pieces
 18444 | D:12     | Gained mutation: Your thick and shaggy fur keeps you warm. (AC +3, rC+) [Felid growth]
 18444 | D:12     | Reached XP level 12. HP: 49/58 MP: 12/18
 18487 | D:13     | Noticed a hell hog
 18495 | D:13     | Killed a hell hog
 18987 | D:13     | Killed Kirke
 18987 | D:13     | Reached skill level 10 in Dodging
 19068 | D:13     | Noticed Snorg
 19097 | D:13     | Noticed Azrael
 19476 | D:13     | Noticed a vault guard
 19504 | D:13     | Killed a vault guard
 19543 | D:13     | Noticed a vault guard
 19566 | D:13     | Killed a vault guard
 19744 | D:13     | Noticed a centaur warrior
 19755 | D:13     | Killed a centaur warrior
 19865 | D:13     | Identified the Almanac of the Viperous Escort
 19888 | D:13     | Noticed a vault guard
 19902 | D:13     | Killed a vault guard
 20815 | Lair:2   | Reached XP level 13. HP: 63/63 MP: 19/19
 21904 | Lair:3   | Found a staircase to the Swamp.
 21910 | Lair:3   | Gained mutation: You are weak. (Str -2) [Ru sacrifice]
 21936 | Swamp:1  | Entered Level 1 of the Swamp
 21964 | Lair:3   | Identified Uritin's Volume of Poisoning and Orientation
 22011 | Lair:3   | Found a staircase to the Snake Pit.
 22805 | Lair:3   | Learned a level 2 spell: Repel Missiles
 22808 | Lair:3   | Learned a level 2 spell: Blink
 22810 | Snake:1  | Entered Level 1 of the Snake Pit
 22926 | Orc:1    | Killed Nergalle
 22973 | Orc:1    | Noticed a stone giant
 23059 | Orc:1    | Found a roughly hewn altar of Beogh.
 23087 | Orc:1    | Found Belouje's Assorted Antiques.
 23150 | Orc:2    | Entered Level 2 of the Orcish Mines
 23226 | D:7      | Bought a potion of curing for 45 gold pieces
 23226 | D:7      | Bought 2 potions of heal wounds for 150 gold pieces
 23226 | D:7      | Bought a potion of heal wounds for 75 gold pieces
 23226 | D:7      | Bought a potion of curing for 45 gold pieces
 23226 | D:7      | Bought a potion of heal wounds for 75 gold pieces
 23226 | D:7      | Bought a potion of curing for 45 gold pieces
 23226 | D:7      | Bought a potion of cancellation for 120 gold pieces
 23741 | D:13     | Killed braks's ghost
 23977 | D:13     | Found a gate to the Vaults.
 24049 | D:13     | Killed Snorg
 24259 | D:13     | Killed Azrael
 25140 | D:14     | Noticed Sonja
 25286 | D:15     | Entered Level 15 of the Dungeon
 25370 | D:15     | Reached XP level 14. HP: 69/69 MP: 13/20
 25521 | D:15     | Noticed Josephine
 25996 | Lair:4   | Noticed Harold
 26158 | Lair:4   | Noticed Urug
 26180 | Lair:4   | Killed Urug
 27394 | Lair:4   | Killed Harold
 27462 | Lair:5   | Found a viscous altar of Jiyva.
 27463 | Lair:5   | Found a staircase to the Slime Pits.
 27851 | Lair:5   | Learned a level 2 spell: Slow
 28182 | Lair:5   | Reached skill level 1 in Hexes
 28274 | Lair:6   | Entered Level 6 of the Lair of Beasts
 28366 | Lair:5   | Upgraded the game from 0.19-a0-1051-gdb7e7f8 to 0.19-a0-1057-g15bb84d
 29035 | Lair:6   | Reached skill level 5 in Hexes
 29218 | Lair:6   | Noticed lorenzova's ghost (journeyman SpEn)
 29247 | Lair:6   | Killed lorenzova's ghost
 29333 | Lair:5   | HP: 2/70 [four-headed hydra (9)]
 30025 | Lair:5   | Reached skill level 5 in Spellcasting
 30656 | Lair:6   | Reached XP level 15. HP: 74/74 MP: 16/26
 30831 | Lair:5   | Learned a level 6 spell: Invisibility
 31681 | Lair:6   | Slain by a giant leech
 31682 | Lair:6   | Reached XP level 14. HP: 0/84 MP: 26/26
 31782 | Lair:6   | Reached skill level 10 in Hexes
 32748 | D:15     | Killed Josephine
 32810 | D:15     | Found a staircase to the Depths.
 32818 | Depths:1 | Entered Level 1 of the Depths
 34100 | D:14     | Killed Sonja
 34662 | Orc:1    | Noticed an orc warlord
 34756 | D:11     | Killed an orc warlord
 34889 | D:11     | Killed a stone giant
 35245 | Orc:1    | Bought a potion of brilliance for 108 gold pieces
 35245 | Orc:1    | Bought a scroll of identify for 54 gold pieces
 35550 | Orc:2    | Reached XP level 15. HP: 74/74 MP: 31/31
 35670 | Orc:2    | Found a staircase to the Elven Halls.
 35680 | Elf:1    | Entered Level 1 of the Elven Halls
 36460 | Orc:2    | Found Maorghil's General Store.
 36460 | Orc:2    | Found Purait's Gadget Shoppe.
 36462 | Orc:2    | Found Guinui's Distillery.
 36466 | Orc:2    | Found Kenloer's Antique Armour Shop.
 36857 | D:7      | Bought a potion of beneficial mutation for 525 gold pieces
 36941 | Orc:2    | Bought a potion of might for 40 gold pieces
 36941 | Orc:2    | Bought a potion of heal wounds for 50 gold pieces
 36941 | Orc:2    | Bought a potion of might for 40 gold pieces
 36941 | Orc:2    | Bought a potion of heal wounds for 50 gold pieces
 38277 | Elf:1    | Found a deep blue altar of Sif Muna.
 38567 | Elf:2    | Found a huge runed gate.
 38567 | Elf:2    | Found a huge runed gate.
 38567 | Elf:2    | Found a huge runed gate.
 38568 | Elf:2    | Found a huge runed gate.
 38570 | Elf:2    | Found a huge runed gate.
 38957 | Elf:2    | Gained mutation: You are missing an eye, making it more difficult to aim. [Ru sacrifice]
 38957 | Elf:2    | Reached **** piety under Ru
 39024 | Elf:3    | Entered Level 3 of the Elven Halls
 39043 | Elf:2    | Found Anlar's Gadget Shoppe.
 39744 | Elf:3    | Reached XP level 16. HP: 80/80 MP: 26/32
 40016 | Elf:3    | Reached skill level 15 in Unarmed Combat
 40655 | Elf:3    | Reached skill level 15 in Stealth
 41818 | Swamp:2  | Gained mutation: Your casting is slightly disrupted. [Ru sacrifice]
 41818 | Swamp:2  | Reached ***** piety under Ru
 41955 | Swamp:2  | Noticed a thorn hunter
 41971 | Swamp:2  | Killed a thorn hunter
 42361 | Swamp:3  | Noticed a thorn hunter
 42469 | Swamp:3  | Reached skill level 15 in Fighting
 42816 | Swamp:4  | Entered Level 4 of the Swamp
 42949 | Swamp:3  | Slain by a spriggan rider
 42950 | Swamp:3  | Reached XP level 15. HP: 0/77 MP: 23/31
 42985 | Swamp:3  | HP: 4/92 [spriggan rider/+0 spear (22)]
 43319 | Swamp:3  | Killed a thorn hunter
 43793 | Swamp:4  | Gained mutation: You are hated by all. [Ru sacrifice]
 43860 | Swamp:4  | Reached XP level 16. HP: 81/81 MP: 29/32
 43865 | Swamp:4  | Noticed the 27-headed Lernaean hydra
 43891 | Swamp:4  | Mangled by the 27-headed Lernaean hydra
 43892 | Swamp:4  | Reached XP level 15. HP: -7/92 MP: 18/31
 43922 | Swamp:4  | Killed the 27-headed Lernaean hydra
 44193 | Swamp:4  | Got a decaying rune of Zot
 44724 | Snake:1  | Reached skill level 1 in Translocations
 44735 | Snake:1  | Noticed Nikola
 44756 | Snake:1  | Noticed Louise
 45199 | Snake:1  | Killed Louise
 45217 | Snake:1  | Killed Nikola
 45777 | Elf:2    | Noticed a Tzitzimitl
 46814 | Elf:2    | Reached XP level 16. HP: 30/82 MP: 28/33
 47755 | Elf:3    | Identified a scroll of acquirement
 47756 | Elf:3    | Noticed a deep elf master archer
 47760 | Elf:3    | Noticed a deep elf blademaster
 47761 | Elf:3    | Killed a deep elf master archer
 47761 | Elf:3    | Reached skill level 10 in Spellcasting
 47769 | Elf:3    | Killed a deep elf blademaster
 47898 | Elf:3    | Identified Wer Desh's Catalogue of Battle Magic and Execration (You acquired it on level 3 of the Elven Halls)
 47906 | Elf:3    | Learned a level 6 spell: Darkness
 47915 | Elf:3    | Learned a level 8 spell: Necromutation
 47942 | Elf:3    | Noticed a deep elf blademaster
 47975 | Elf:3    | Reached skill level 1 in Necromancy
 48017 | Elf:3    | Got a scintillating golden ring
 48066 | Elf:3    | Killed a deep elf blademaster
 48280 | Elf:3    | Got a faintly glowing copper ring
 48323 | Elf:3    | Noticed a Brimstone Fiend
 48476 | Elf:3    | Reached skill level 15 in Transmutations
 48543 | Elf:3    | Upgraded the game from 0.19-a0-1057-g15bb84d to 0.19-a0-1065-gdac414d
 48689 | Elf:3    | Reached XP level 17. HP: 59/85 MP: 28/36
 48692 | Elf:3    | Noticed a deep elf master archer
 48701 | Elf:3    | Killed a deep elf master archer
 48853 | Elf:3    | Noticed a deep elf blademaster
 48876 | Elf:3    | Killed a deep elf blademaster
 49049 | Elf:3    | Identified the Disquisition on Flamy Transmigration
 50372 | Snake:2  | Identified the ring "Wuipat" {Ice Int+4 Dex+3} (You took it off a deep elf mage on level 3 of the Elven Halls)
 50480 | Snake:3  | Identified the ring of Requm {Wiz rPois rN+} (You took it off a deep elf annihilator on level 3 of the Elven Halls)
 50506 | Snake:2  | Learned a level 7 spell: Dragon Form
 50914 | Snake:3  | Noticed Roxanne
 50961 | Snake:3  | Found Necuar's Gadget Emporium.
 51089 | Snake:3  | Killed Roxanne
 51091 | Snake:3  | Identified Roxanne's Almanac of the Rocks (You took it off Roxanne on level 3 of the Snake Pit)
 51108 | Snake:3  | Learned a level 6 spell: Statue Form
 51475 | Snake:3  | Reached skill level 1 in Earth Magic
 51482 | Snake:4  | Entered Level 4 of the Snake Pit
 51835 | Snake:4  | Reached XP level 18. HP: 52/90 MP: 18/39
 51961 | Snake:4  | Noticed Vashnia
 51964 | Snake:4  | HP: 3/117 [Vashnia/arrow (33)]
 51964 | Snake:4  | Shot with an arrow by Vashnia

Vault maps used:
D:1:      sevenhm_arrival_forest_fort_large_3, minmay_heptomino_w4
D:2:      minmay_box_of_dots
D:3:      marbit_many_paths
D:4:      tso_metal_star, yredelemnul_forgotten_temple_becter, uniq_sigmund
D:5:      serial_shops, kennysheep_little_box, first_bread,
          minmay_misc_feat_doors, minmay_misc_feat_rows
D:6:      kennysheep_mini_moat, makhleb_blood_cavern_becter,
          grunt_qazlal_sundering
D:7:      overflow_temple_1_default, serial_shops, nicolae_shop_crystal
D:8:      elyvilon_altar_4, vehumet_altar_wand_db, blue_anna_alchemist,
          st_stairs_6, uniq_grum, uniq_pikel, uniq_psyche
D:9:      overflow_temple_1_default, lemuel_round_altar, minitemple,
          serial_shops, shop
D:11:     erik_lair_orcish_takeover, orc_0_dummy
D:12:     serial_shops, shop, okawaru_humans
D:13:     grunt_vaults_entry_tiered, serial_bayou, serial_bayou_pond_e,
          serial_bayou_pond_d, serial_bayou_shore_b, serial_bayou_pond_e,
          lightli_bailey_entry_fortress, uniq_kirke, uniq_azrael, uniq_snorg
D:14:     hangedman_decor_riveting, uniq_sonja
D:15:     hangedman_depths_entry_try_elsewhere_first, hangedman_decor_points,
          uniq_josephine
Temple:   corrupted_temple
Lair:1:   portal_ice_cave_entry_pillars_1
Lair:2:   basic_altar
Lair:3:   minmay_swamp_entry_swarm, minmay_snake_entry_guardpost_small
Lair:4:   beast_lair_carwin_3, infiniplex_staircase_pool, grunt_megastairs_4,
          uniq_urug, uniq_harold
Lair:5:   slime_altar_1, minivault_11, grunt_megastairs_3
Lair:6:   minmay_lair_end_frog_pond
Swamp:1:  hangedman_swamp_blocks
Swamp:2:  evilmike_swamp_ruin_house_6
Swamp:3:  nicolae_swamp_trees_clearing, hangedman_swamp_diagram
Swamp:4:  swamp_old_school
Snake:1:  nicolae_coiled_stairwell_down, serial_bayou_shore_a, uniq_louise,
          uniq_nikola
Snake:3:  serial_bayou_pond_a, minmay_shop_star, uniq_roxanne
Snake:4:  snake_hunt, basic_altar, grunt_ministairs_9, st_stairs_5, uniq_aizul,
          uniq_vashnia
Orc:1:    serial_shops, shop, basic_altar, uniq_nergalle
Orc:2:    st_orc_rangers
Elf:1:    eino_elf_arrival_sip, basic_altar, evilmike_minifort
Elf:2:    serial_shops, nicolae_shop_stone
Elf:3:    minmay_elf_hall_four_x, nrook_mini_backslash, basic_stair_grate_trap
Depths:1: hangedman_box_tower, grunt_mini_vestibule, hangedman_glass_teeth,
          rand_demon_pan_entry_9, abyss_entry, horrible_house_mu
Bailey:   bailey_axe_bossmonster_kennysheep, bailey
IceCv:    ice_cave_caverns_02

Skill      XL: |  1  2  3  4  5  6  7  8  9 10 11 12 13 14 15 16 17 |
---------------+----------------------------------------------------+-----
Transmutations | 3 4 5 8 7 9 10 12 13 15 16 | 16.6
Stealth        | 1 2 3 4 7 6 8 10 11 12 13 16 15 | 16.0
Fighting       | 2 3 4 7 8 9 10 11 12 13 14 15 | 15.7
Dodging        | 3 4 7 6 8 9 10 11 12 13 14 | 14.6
Unarmed Combat | 4 5 6 8 9 10 11 12 13 16 15 | 16.1
Hexes          | 12 13 | 13.9
Spellcasting   | 8 9 11 12 | 12.8
Translocations | 3 4 |  4.0
Necromancy     | 4 |  4.8
Earth Magic    | 3 |  3.6

Action                   |  1- 3 |  4- 6 |  7- 9 | 10-12 | 13-15 | 16-18 || total
-------------------------+-------+-------+-------+-------+-------+-------++-------
Melee: Unarmed           |   110 |   171 |   343 |   584 |  1672 |   924 ||  3804
       Headbutt          |    11 |     3 |    15 |    89 |   222 |    81 ||   421
       Bite              |     9 |     4 |     8 |    54 |   121 |    56 ||   252
       Punch             |       |     1 |     2 |    22 |    69 |    27 ||   121
       Tailslap          |       |       |       |       |       |     8 ||     8
 Cast: Beastly Appendage |    18 |     7 |       |       |       |       ||    25
       Spider Form       |     7 |    23 |    37 |     6 |     3 |       ||    76
       Blade Hands       |       |       |    22 |    64 |   168 |    51 ||   305
       Ice Form          |       |       |       |     9 |    65 |    48 ||   122
       Repel Missiles    |       |       |       |       |    14 |    10 ||    24
       Invisibility      |       |       |       |       |    34 |    10 ||    44
       Statue Form       |       |       |       |       |       |    12 ||    12
       Dragon Form       |       |       |       |       |       |     7 ||     7
       Darkness          |       |       |       |       |       |     6 ||     6
Invok: Draw Out Power    |       |       |       |    10 |    15 |     6 ||    31
       Sacrifice Artific |       |       |       |     1 |       |       ||     1
       Reject Sacrifices |       |       |       |     1 |     2 |     1 ||     4
       Sacrifice Purity  |       |       |       |       |     1 |       ||     1
       Apocalypse        |       |       |       |       |     1 |     4 ||     5
       Sacrifice Love    |       |       |       |       |     1 |       ||     1
       Sacrifice an Eye  |       |       |       |       |     1 |       ||     1
       Sacrifice Essence |       |       |       |       |       |     1 ||     1
 Abil: End Transformatio |     6 |    11 |    39 |    61 |   152 |    54 ||   323
Evoke: Wand              |       |       |     3 |       |       |       ||     3
  Use: Potion            |       |     4 |     5 |     2 |    21 |     5 ||    37
       Scroll            |       |     6 |     6 |     8 |    19 |    12 ||    51
 Stab: Sleeping          |     2 |    10 |    24 |    31 |    82 |    29 ||   178
       Distracted        |       |       |     1 |     7 |    21 |    15 ||    44
       Invisible         |       |       |       |     1 |    74 |    41 ||   116
       Fleeing           |       |       |       |       |     1 |       ||     1
       Paralysed         |       |       |       |       |     2 |     3 ||     5
  Eat: Chunk             |    11 |     7 |    28 |    49 |   135 |    42 ||   272
       Royal jelly       |       |       |       |       |     1 |       ||     1
       Beef jerky        |       |       |       |       |     3 |     1 ||     4
Armor: Skin              |     5 |    21 |    36 |    73 |   147 |   152 ||   434
Dodge: Dodged            |    99 |   125 |   254 |   436 |  1268 |   820 ||  3002
       Deflected         |       |       |       |       |    26 |    29 ||    55
